 Dungeon Crawl Stone Soup version 0.30-a0-782-ge64f9170bb (webtiles) character file.

Game seed: 3468250623891017549

63 oldplebian the Cudgeller (level 3, -1/34 HPs)
             Began as a Minotaur Berserker on Feb 18, 2023.
             Was a Follower of Trog.
             Killed by nerve-wracking pain
             ... invoked by Grinder
              (13 damage)
             ... on level 3 of the Dungeon.
             The game lasted 00:30:18 (1151 turns).

oldplebian the Cudgeller (Minotaur Berserker)       Turns: 1151, Time: 00:30:18

Health: -1/34      AC:  9    Str: 23    XL:     3   Next: 89%
Magic:  2/2        EV:  8    Int:  4    God:    Trog [*.....]
Gold:   86         SH:  0    Dex:  9    Spells: 2/2 levels left

rFire   . . .      SeeInvis .    j - +0 flail
rCold   . . .      Faith    .    (no shield)
rNeg    . . .      Spirit   .    l - +0 chain mail
rPois   .          Reflect  .    (helmet restricted)
rElec   .          Harm     .    (no cloak)
rCorr   .          Rampage  .    (no gloves)
Will    .....                    (no boots) Stlth
                                 (no amulet)
HPRegen 0.25/turn                (no ring)
MPRegen 0.08/turn                (no ring)

@: no status effects
A: horns 2, retaliatory headbutt
a: Renounce Religion, Berserk


You were on level 3 of the Dungeon.
You worshipped Trog.
Trog was aware of your devotion.
You visited 1 branch of the dungeon, and saw 3 of its levels.

You collected 86 gold pieces.

Inventory:

Hand Weapons
 a - a +0 mace
 j - a +0 flail (weapon)
Missiles
 f - 4 curare-tipped darts (quivered)
Armour
 h - a +0 helmet
 l - a +0 chain mail (worn)
Wands
 e - a wand of flame (22)
Scrolls
 c - a scroll of identify {unknown}
 d - a scroll of enchant weapon {unknown}
 k - a scroll of fear {unknown}
Potions
 i - a potion of curing {unknown}


   Skills:
 + Level 4.3 Fighting
 + Level 4.6 Maces & Flails
 + Level 3.2 Armour
 + Level 2.4 Dodging
 + Level 0.1 Stealth


You had 2 spell levels left.
You didn't know any spells.
Your spell library contained the following spells:

 Spells                   Type           Power      Damage    Failure   Level
 Scorch                   Fire           0%         2d5       100%        2
 Flame Wave               Conj/Fire      0%         2d4       100%        4
 Summon Cactus Giant      Summ           0%         N/A       100%        6


Dungeon Overview and Level Annotations

Branches:
Dungeon (3/15)

Altars:

Annotations:
D:3 Grinder


Innate Abilities, Weirdness & Mutations

You have a pair of horns on your head.
You reflexively headbutt those who attack you in melee.


Message History

The rat bites you but does no damage.
There are no items here.
You sock the rat!
You kill the rat!
Trog accepts your kill.
There are no items here.
You see here a rat corpse.
There are no items here.
You see here 6 stones.
There is a stone staircase leading down here.
You climb downwards.
Grinder shouts!
There is a stone staircase leading up here.
Grinder says, "Wait up."
You barely miss the endoplasm. You headbutt the endoplasm.
The endoplasm is lightly wounded.
The endoplasm freezes you.
You are frozen.
Grinder blinks!
There are no items here.
You hit the endoplasm.
You kill the endoplasm!
Trog accepts your kill.
Grinder blinks!
You hit the rat.
You kill the rat!
Trog accepts your kill. Grinder gestures at you. Pain shoots through your body!
There are no items here.
Grinder grins, showing sharp teeth.
Grinder gestures at you. You resist with significant effort.
Grinder blinks!
Found a scroll labelled NIV BOHUCA.
Grinder gestures at you. Pain shoots through your body!
There are no items here.
Grinder gestures at you. Pain shoots through your body!
You die...

#..#.##...##..###
#.................
#..#..........#...
#...............#
##.#....<....####
#.#..........###
#........5.......
#..P.PP......P.P.
#..P♣♣♣.@.♣♣♣..P♣
#... ♣...♣ P.P♣
#..P ♣...♣ ..♣ #.
..... P. ..?....
..PP...P.
.♣♣♣...♣♣♣P ..
♣...♣ P.


You could see Grinder.

Vanquished Creatures
  Terence (D:2)
  A gnoll (D:1)
  3 dart slugs (D:1)
  2 ball pythons
  A bat (D:1)
  2 endoplasms
  2 goblins (D:1)
  2 hobgoblins
  3 quokkas
  2 frilled lizards
  A kobold (D:1)
  4 rats
24 creatures vanquished.

Notes
Turn   | Place    | Note
-------+----------+-------------------------------------------
     0 | D:1      | oldplebian the Minotaur Berserker began the quest for the
                  | Orb.
     0 | D:1      | Reached XP level 1. HP: 19/19 MP: 0/0
   239 | D:2      | Noticed Terence
   246 | D:2      | Killed Terence
   247 | D:2      | Reached XP level 2. HP: 19/27 MP: 1/1
   350 | D:1      | Reached XP level 3. HP: 28/33 MP: 2/2
  1137 | D:3      | Noticed Grinder
  1151 | D:3      | Killed from afar by Grinder

Illustrated notes

Levels and vault maps discovered:
D:1:      wander_arrival_chamber, layout_loops_cross,
          ebering_ecumenical_altar_webs, minmay_misc_feat_diagonals
D:2:      minmay_chambers_of_ones, layout_rooms, uniq_terence, uniq_sigmund
D:3:      layout_loops_ring, lemuel_doored_altar,
          mainiacjoe_overflow_small_starburst, fountainhead, kennysheep_boxes,
          uniq_crazy_yiuf_cottage, uniq_grinder

Skill      XL: |  1  2  3 |
---------------+----------+-----
Fighting       | 4 |  4.3
Maces & Flails | 4 |  4.6
Armour         | 3 |  3.2
Dodging        | |  2.4
Stealth        | |  0.1

Action                     || total
---------------------------++-------
  Melee: Mace              ||    28
         Headbutt          ||     7
         Flail             ||    27
 Invoke: Berserk           ||     1
    Use: Potion            ||     1
   Stab: Sleeping          ||     1
 Armour: Animal skin       ||     7
         Chain mail        ||     7
  Dodge: Dodged            ||    43

Table legend: (Time is in decaauts)
 A = Elapsed time spent in this place.
 B = Non-inter-level travel time spent in this place.
 C = Inter-level travel time spent in this place.
 D = Time resting spent in this place.
 E = Time spent auto-exploring this place.
 F = Levels seen in this place.
 G = Mean time per level.
                   A        B        C        D        E       F      G
               +--------+--------+--------+--------+--------+-----+--------+
         Total |   1165 |    470 |    695 |     55 |    110 |   3 |  388.3 |
       Dungeon |   1165 |    470 |    695 |     55 |    110 |   3 |  388.3 |
               +--------+--------+--------+--------+--------+-----+--------+

Top non-repeatable levels by time:
     D:1: 922 daAuts
     D:2: 229 daAuts
     D:3: 14 daAuts
